 Dungeon Crawl Stone Soup version 0.31-a0-774-g0d66cbabe8 (webtiles) character file.

Game seed: 13525567113968025071

6469 Conn the Destroyer (level 11, 0/105 HPs)
             Began as an Octopode Fire Elementalist on Sept 17, 2023.
             Slain by a centaur warrior (9 damage)
             ... on level 8 of the Dungeon.
             The game lasted 00:33:41 (9410 turns).

Conn the Destroyer (Octopode Fire Elementalist)     Turns: 9410, Time: 00:33:42

Health: 0/105      AC: 25    Str:  6 (7)  XL:     11   Next: 0%
Magic:  22/23      EV:  2    Int: 23 (25) God:
Gold:   1041       SH:  0    Dex: 14 (16) Spells: 10/26 levels left

rFire   + . .        F - +6 bardiche "Grim Tooth" {heavy, rC+ Int+4 Dex+2}
rCold   + . .        (shield currently unavailable)
rNeg    + . .        (helmet currently unavailable)
rPois   +            r - amulet of magic regeneration
rElec   .            g - ring of protection from fire
rCorr   .            x - ring of flight
SInv    .            z - ring of positive energy
Will    .....        (no ring)
Stlth   +++          (no ring)
HPRegen 0.37/turn    (no ring)
MPRegen 0.58/turn    (no ring)
                     (no ring)

%: no passive effects
@: tree-form
A: stationary, stasis, torment immunity, boosted hp, almost no armour,
(amphibious), 8 rings, (camouflage 1), (gelatinous body 1), (nimble swimmer 1),
(tentacles)
a: no special abilities


You were on level 8 of the Dungeon.
You were a tree.
You visited 2 branches of the dungeon, and saw 9 of its levels.
You also visited: Bailey.

You collected 1041 gold pieces.

Inventory:

Hand Weapons
 p - a +2 battleaxe of freezing
 q - a +3 short sword of electrocution
 E - a +0 dagger of protection
 F - the +6 bardiche "Grim Tooth" (weapon) {heavy, rC+ Int+4 Dex+2}
   (You found it in a bailey)

   Int+4:     It affects your intelligence (+4).
   Dex+2:     It affects your dexterity (+2).
   rC+:       It protects you from cold.
Missiles
 l - 2 throwing nets
Jewellery
 g - a ring of protection from fire (left branch)
 r - an amulet of magic regeneration (around neck)
 x - a ring of flight (right branch)
 z - a ring of positive energy (on tentacle)
Wands
 n - a wand of paralysis (12)
 u - a wand of flame (33)
 B - a wand of mindburst (12)
Scrolls
 c - a scroll of silence
 d - 3 scrolls of immolation
 e - a scroll of fog {unknown}
 h - a scroll of enchant armour {unknown}
 j - 3 scrolls of blinking {unknown}
 o - a scroll of amnesia
 s - a scroll of teleportation
 t - 2 scrolls of enchant weapon {unknown}
 y - 2 scrolls of vulnerability {unknown}
 D - a scroll of torment {unknown}
Potions
 a - a potion of magic
 b - a potion of attraction
 i - 2 potions of brilliance
 w - a potion of ambrosia {unknown}
 A - a potion of haste {unknown}


   Skills:
 + Level 4.9 Fighting
 + Level 6.7 Dodging
 - Level 5.0 Stealth
 * Level 8.2 Spellcasting
 * Level 8.7 Conjurations
 + Level 7.1 Fire Magic


You had 10 spell levels left.
You knew the following spells:

 Your Spells              Type           Power      Damage    Failure   Level
a - Foxfire               Conj/Fire      100%       2x1d9     1%          1
b - Scorch                Fire           84%        2d8       1%          2
c - Inner Flame           Hex/Fire       25%        N/A       4%          3
d - Flame Wave            Conj/Fire      45%        2d12      2%          4
e - Starburst             Conj/Fire      22%        6d8       38%         6

Your spell library contained the following spells:

 Spells                   Type           Power      Damage    Failure   Level
 Static Discharge         Conj/Air       58%        2-5/arc   1%          2
 Dazzling Flash           Conj/Hex       58%        N/A       3%          3
 Volatile Blastmotes      Fire/Tloc      50%        2d14      4%          3
 Airstrike                Air            4%         2d(1-17)  56%         4
 Summon Lightning Spire   Summ/Air       9%         N/A       56%         4
 Simulacrum               Ice/Necr       4%         N/A       100%        6
 Ozocubu's Refrigeration  Ice            4%         4d8       100%        7
 Maxwell's Capacitive Co  Air            4%         ∞         100%        8
 Polar Vortex             Ice            4%         N/A       100%        9


Dungeon Overview and Level Annotations

Branches:
Dungeon (8/15)             Temple (1/1) D:7            Lair (0/5) D:8
 Bailey (visited)

Altars:
Cheibriados
Dithmenos
Elyvilon
Fedhas
Hepliaklqana
Kikubaaqudgha
Nemelex Xobeh
Okawaru
Qazlal
Ru
Trog
Wu Jian
Yredelemnul

Shops:
D:5 [


Innate Abilities, Weirdness & Mutations

You are a tree.
Your roots penetrate the ground, keeping you stationary.
You cannot be teleported.
You are immune to unholy pain and torment.
Your maximum health is greatly increased.
You cannot wear most types of armour.
((You are amphibious.))
You can wear up to eight rings at the same time.
((Your skin changes colour to match your surroundings (Stealth+).))
((Your rubbery body absorbs attacks. (AC +1, EV +1)))
((You are camouflaged when in or above water. (Stealth+)))
((You have tentacles for arms and can constrict up to eight enemies at once.))


Message History

The sky beast's fire resistance burns away.
The foxfire hits the sky beast!
The sky beast is burned terribly!
The sky beast is severely wounded.
The foxfire hits the sky beast.
The sky beast is burned terribly!
The sky beast is severely wounded.
The sky beast flickers out of sight!
Deactivating autopickup; reactivate with Ctrl-A.
Casting: Scorch (safe; 1% risk of failure)
Confirm with . or Enter, or press ? or * to list all spells.
Flames lash something.
Reactivating autopickup.
You feel a bit more experienced.
You have reached level 11!
You start resting.
Your transformation is almost over.
You feel less wooden.
You start resting.
You feel yourself speed up.
You start resting.
You recover from your berserk rage.
You start resting.
A centaur warrior comes into view.
Found a book of Blood.
The centaur warrior barely misses you. The centaur warrior kicks you.
Okay, then.
Unknown command.
Unknown command.
Casting: Scorch (safe; 1% risk of failure)
Confirm with . or Enter, or press ? or * to list all spells.
Flames lash the centaur warrior.
The centaur warrior is lightly wounded.
The centaur warrior's fire resistance burns away.
The centaur warrior hits you! The centaur warrior kicks you.
The centaur warrior hits you!
* * * LOW HITPOINT WARNING * * *
The centaur warrior kicks you.
* * * LOW HITPOINT WARNING * * *
You turn into a tree.
Your roots penetrate the ground.
The centaur warrior hits you!
You die...

.# .# ##♣♣♣♣+♣ .#
######.'..... :#
#......♣.#... .##
#......♣.#._. #.#
#.#####♣.#... # ####c##
#.# #.'..... #.#.#..♣##
#.# #.♣♣♣♣'♣
.#)..!.)†.###.####...#..#
.'...)(.........##.#.#.##
.#........###.#.##...#.#
#.#.#...## #.#.###..#.# #
####+## #.#.# #..#.#
#.#.###..#.# #....##..#.#
#.#.#.#..#.#


You could see a centaur warrior (combustible).

Vanquished Creatures
  A centaur warrior (D:8)
  An ugly thing (D:8)
  Grinder (D:3)
  Sigmund (D:3)
  A steam dragon (D:7)
  A water moccasin (D:7)
  10 orc warriors
  2 sky beasts (D:8)
  An ice beast (D:6)
  13 centaurs
  An ogre (D:5)
  5 bullfrogs
  A kobold brigand (D:7)
  3 necrophages (D:4)
  A scorpion (D:5)
  11 wights
  A howler monkey (D:8)
  3 jellies
  A human zombie (D:4)
  4 orc priests
  A bullfrog zombie (D:4)
  3 gnoll boudas (D:7)
  4 hounds
  2 sleepcaps (D:5)
  2 iguanas
  A scorpion zombie (D:4)
  Natasha (thrice) (D:4)
  Terence (D:3)
  4 orc wizards
  Ijyb (D:5)
  A hound zombie (D:4)
  2 mummies (D:4)
  22 gnolls
  7 adders
  2 shadow imps
  4 white imps
  An ufetubus (D:4)
  4 worms
  5 dart slugs
  41 orcs
  7 endoplasms
  6 giant cockroaches
  13 goblins
  9 hobgoblins
  8 jackals
  3 quokkas
  6 ball pythons
  7 bats
  2 frilled lizards
  A jackal zombie (D:4)
  14 kobolds
  7 rats
257 creatures vanquished.

Vanquished Creatures (others)
  847 foxfires
847 creatures vanquished.

Grand Total: 1104 creatures vanquished

Notes
Turn   | Place    | Note
-------+----------+-------------------------------------------
     0 | D:1      | Conn the Octopode Fire Elementalist began the quest for the
                  | Orb.
     0 | D:1      | Reached XP level 1. HP: 11/11 MP: 3/3
     1 | D:1      | Found a runed translucent door.
    35 | D:1      | Reached XP level 2. HP: 9/17 MP: 0/5
   156 | D:1      | Learned a level 2 spell: Scorch
   489 | D:1      | Reached XP level 3. HP: 18/21 MP: 3/6
  1670 | D:2      | Reached XP level 4. HP: 27/27 MP: 3/7
  2719 | D:3      | Reached XP level 5. HP: 31/31 MP: 6/9
  2796 | D:3      | Noticed Grinder
  2802 | D:3      | Noticed Sigmund
  2865 | D:2      | Learned a level 3 spell: Inner Flame
  2937 | D:3      | Noticed Terence
  3000 | D:3      | Killed Terence
  3502 | D:4      | Reached XP level 6. HP: 36/36 MP: 4/10
  3675 | D:4      | Learned a level 4 spell: Flame Wave
  3768 | D:4      | Reached skill level 5 in Stealth
  3854 | D:4      | Found a basalt altar of Yredelemnul.
  3860 | D:4      | Reached XP level 7. HP: 39/41 MP: 1/12
  4721 | D:3      | Killed Grinder
  4722 | D:3      | Reached XP level 8. HP: 46/46 MP: 6/15
  4801 | D:3      | Found a snail-covered altar of Cheibriados.
  4803 | D:3      | Found an ancient bone altar of Kikubaaqudgha.
  4930 | D:3      | Killed Sigmund
  4931 | D:3      | Reached skill level 5 in Spellcasting
  4931 | D:3      | Reached skill level 5 in Conjurations
  4931 | D:3      | Reached skill level 5 in Fire Magic
  4975 | D:4      | Noticed Natasha
  4982 | D:4      | Killed Natasha
  5028 | D:4      | Noticed Natasha
  5031 | D:4      | Killed Natasha
  5044 | D:4      | Noticed Natasha
  5049 | D:4      | Killed Natasha
  5217 | D:5      | Entered Level 5 of the Dungeon
  5219 | D:5      | Found Junal's Armour Boutique.
  5314 | D:5      | Noticed Ijyb
  5321 | D:5      | Killed Ijyb
  5401 | D:5      | Reached skill level 1 in Fighting
  5976 | D:5      | Learned a level 6 spell: Starburst
  6022 | D:6      | Reached XP level 9. HP: 52/54 MP: 17/17
  6087 | D:6      | Reached skill level 5 in Dodging
  6424 | D:6      | Found a sparkling altar of Nemelex Xobeh.
  7257 | D:7      | Found a staircase to the Ecumenical Temple.
  7281 | Temple   | Entered the Ecumenical Temple
  7368 | D:7      | Found a stormy altar of Qazlal.
  7534 | D:7      | Found an iron altar of Okawaru.
  7924 | D:8      | Reached XP level 10. HP: 63/63 MP: 14/20
  7980 | D:8      | Found a staircase to the Lair.
  7998 | D:8      | Found a flagged portal.
  8007 | Bailey   | Entered a bailey
  9079 | Bailey   | Identified the +6 bardiche "Grim Tooth" {heavy, rC+ Int+4
                  | Dex+2}
  9083 | Bailey   | Acquired 553 gold pieces
  9281 | D:8      | Found an ornate altar of the Wu Jian Council.
  9325 | D:8      | Noticed a centaur warrior
  9331 | D:8      | Noticed a red ugly thing
  9333 | D:8      | Killed a centaur warrior
  9342 | D:8      | HP: 3/145 [red ugly thing (6)]
  9343 | D:8      | Killed a red ugly thing
  9356 | D:8      | Reached XP level 11. HP: 35/70 MP: 16/23
  9407 | D:8      | Noticed a centaur warrior
  9410 | D:8      | Slain by a centaur warrior

Illustrated notes

Levels and vault maps discovered:
D:1:      dpeg_arrival_caged_fury, layout_loops_corners, minmay_pentomino_r2
D:2:      layout_loops_cross, hex_tiny, minmay_tree_intersection
D:3:      layout_rooms, gammafunk_temple_overflow_statue, uniq_terence,
          uniq_sigmund, uniq_grinder
D:4:      layout_basic, lemuel_mausoleum_altar_yredelemnul, uniq_natasha
D:5:      layout_basic, serial_shops, nicolae_shop_stone, minmay_ogre_servants,
          uniq_ijyb
D:6:      layout_basic, mainiacjoe_overflow_surrounded_room,
          kennysheep_generic_room_7
D:7:      layout_basic, marbit_many_paths, mainiacjoe_overflow_boulevard,
          minmay_temple_entry_tees
D:8:      wad_arrow_thing, layout_loops_ring,
          grunt_temple_overflow_champion_of_chaos, tso_metal_star,
          mainiacjoe_overflow_six_doors_small, lair_entry_dummy, enter_bailey_2
Temple:   hellmonk_temple_beads

Skill      XL: |  1  2  3  4  5  6  7  8  9 10 |
---------------+-------------------------------+-----
Stealth        | 3 4 5 |  5.0
Conjurations   | 2 3 4 5 7 8 |  8.7
Dodging        | 3 4 5 6 |  6.7
Spellcasting   | 3 4 5 7 8 |  8.2
Fire Magic     | 4 5 6 7 |  7.1
Fighting       | 1 3 4 |  4.9

Action                     |  1- 3 |  4- 6 |  7- 9 | 10-12 || total
---------------------------+-------+-------+-------+-------++-------
  Melee: Unarmed           |    46 |    19 |       |       ||    65
         Constrict         |    13 |     5 |    10 |     2 ||    30
         Tentacles         |    10 |     4 |     9 |     3 ||    26
         Punch             |     2 |     1 |     1 |       ||     4
         Battleaxe         |       |       |     9 |       ||     9
         Short sword       |       |       |    31 |     3 ||    34
         Bardiche          |       |       |       |     5 ||     5
   Cast: Foxfire           |    70 |    86 |   168 |   148 ||   472
         Scorch            |     2 |    29 |    50 |    38 ||   119
         Inner Flame       |       |     2 |     5 |    10 ||    17
         Flame Wave        |       |       |    10 |     8 ||    18
  Evoke: Wand              |       |       |       |     4 ||     4
    Use: Potion            |       |       |     5 |     8 ||    13
         Scroll            |       |       |     2 |     4 ||     6
   Stab: Sleeping          |     2 |     4 |     7 |       ||    13
         Distracted        |     1 |       |       |       ||     1
 Armour: Skin              |    16 |    20 |    43 |    58 ||   137
  Dodge: Dodged            |    28 |    31 |    59 |    43 ||   161

Table legend: (Time is in decaauts)
 A = Elapsed time spent in this place.
 B = Non-inter-level travel time spent in this place.
 C = Inter-level travel time spent in this place.
 D = Time resting spent in this place.
 E = Time spent auto-exploring this place.
 F = Levels seen in this place.
 G = Mean time per level.
                   A        B        C        D        E       F      G
               +--------+--------+--------+--------+--------+-----+--------+
         Total |   9426 |   9221 |    205 |   1096 |   5900 |  10 |  942.6 |
       Dungeon |   8144 |   7939 |    205 |    933 |   5235 |   8 | 1018.0 |
        Temple |     59 |     59 |      0 |      0 |      7 |   1 |   59.0 |
        Bailey |   1222 |   1222 |      0 |    163 |    658 |   1 | 1222.0 |
               +--------+--------+--------+--------+--------+-----+--------+

Top non-repeatable levels by time:
     D:1: 1519 daAuts
     D:4: 1496 daAuts
  Bailey: 1222 daAuts
     D:2: 1182 daAuts
     D:3: 1022 daAuts
     D:7: 1019 daAuts
     D:5: 790 daAuts
     D:6: 766 daAuts
     D:8: 347 daAuts
  Temple: 59 daAuts
